| TOP OF THE 1ST |
|
Erie SeaWolves batting - Pitching for Midland RockHounds : LHP Bobby Carroll
|
|
Pitching: LHP Bobby Carroll
|
|
|
Batting: RHB Eric Angelle
|
0-0: Ball 1-0: Ground out 4-3 (Groundball, 4, EV 83.8 MPH)
|
|
Batting: RHB Tony Soto
|
0-0: Ball 1-0: Ball 2-0: Ground out U3 (Groundball, 3, EV 108.8 MPH)
|
|
Batting: RHB John Evancho
|
0-0: Called Strike 0-1: Ball 1-1: SINGLE (Groundball, 6MD, EV 95.6 MPH)
|
|
Batting: RHB Adam MacConnell
|
0-0: Ball 1-0: Ball 2-0: SINGLE (Groundball, 4MD, EV 96.9 MPH) John Evancho to second Runner from 2nd tries for 3rd, SAFE, throw by CF made to third
|
|
Batting: RHB Carlos Armenteros
|
0-0: Called Strike 0-1: Called Strike 0-2: Ball 1-2: Ground out 6-3 (Groundball, 6S, EV 86.9 MPH)
|
| Top of the 1st over - 0 runs, 2 hits, 0 errors, 2 left on base; Erie 0 - Midland 0 |
| BOTTOM OF THE 1ST |
|
Midland RockHounds batting - Pitching for Erie SeaWolves : RHP Alex Garrett
|
|
Pitching: RHP Alex Garrett
|
|
|
Batting: RHB Tony Crespo
|
0-0: Swinging Strike 0-1: Ball 1-1: Foul Ball, location: 2F 1-2: Strikes out looking
|
|
Batting: LHB Tom Raupp
|
0-0: Foul Ball, location: 2F 0-1: Called Strike 0-2: Ground out U3 (Groundball, 3, EV 105.0 MPH)
|
|
Batting: RHB Jonathan Gallup
|
0-0: Ball 1-0: Fly out, F8 (Flyball, 8LXD, EV 95.6 MPH)
|
| Bottom of the 1st over - 0 runs, 0 hits, 0 errors, 0 left on base; Erie 0 - Midland 0 |
| TOP OF THE 2ND |
|
Erie SeaWolves batting - Pitching for Midland RockHounds : LHP Bobby Carroll
|
|
Batting: RHB Tanner Purchase
|
0-0: Swinging Strike 0-1: Ground out 6-3 (Groundball, 56, EV 106.2 MPH)
|
|
Batting: RHB Jose Evangelista
|
0-0: Foul Ball, location: 2F 0-1: Foul Ball, location: 2F 0-2: Ball 1-2: SINGLE (Flyball, 56D, EV 96.2 MPH)
|
|
Batting: LHB Nick Nino
|
0-0: Foul Ball, location: 2F 0-1: Ball 1-1: Ball 2-1: Ball 3-1: Fly out, F7 (Flyball, 78M, EV 85.0 MPH)
|
|
Batting: RHB Mike Sebastian
|
0-0: Ball 1-0: Ball 2-0: Foul Ball, location: 2F 2-1: Ball 3-1: Base on Balls Jose Evangelista to second
|
|
Batting: RHB Eric Angelle
|
0-0: Ball 1-0: Ground out 4-3 (Groundball, 13, EV 81.9 MPH)
|
| Top of the 2nd over - 0 runs, 1 hit, 0 errors, 2 left on base; Erie 0 - Midland 0 |
| BOTTOM OF THE 2ND |
|
Midland RockHounds batting - Pitching for Erie SeaWolves : RHP Alex Garrett
|
|
Batting: LHB Alan Bianchard
|
0-0: Called Strike 0-1: Called Strike 0-2: Ball 1-2: Strikes out looking
|
|
Batting: RHB Roger Simmons
|
0-0: Ball 1-0: Foul Ball, location: 2F 1-1: Called Strike 1-2: Ball 2-2: Strikes out swinging, 2-3 out at first.
|
|
Batting: RHB David Sharp
|
0-0: Called Strike 0-1: Fly out, F9 (Flyball, 9LM, EV 87.5 MPH)
|
| Bottom of the 2nd over - 0 runs, 0 hits, 0 errors, 0 left on base; Erie 0 - Midland 0 |
| TOP OF THE 3RD |
|
Erie SeaWolves batting - Pitching for Midland RockHounds : LHP Bobby Carroll
|
|
Batting: RHB Tony Soto
|
0-0: SINGLE (Line Drive, 6MD, EV 95.6 MPH)
|
|
Batting: RHB John Evancho
|
0-0: Called Strike 0-1: Grounds into double play, 6-4-3 (Groundball, 56, EV 108.8 MPH)
|
|
Batting: RHB Adam MacConnell
|
0-0: Foul Ball, location: 2F 0-1: Ball 1-1: Foul Ball, location: 2F 1-2: SINGLE (Groundball, 56D, EV 102.5 MPH)
|
|
Batting: RHB Carlos Armenteros
|
0-0: Called Strike 0-1: Foul Ball, location: 2F 0-2: Fly out, F7 (Line Drive, 78M, EV 104.4 MPH)
|
| Top of the 3rd over - 0 runs, 2 hits, 0 errors, 1 left on base; Erie 0 - Midland 0 |
| BOTTOM OF THE 3RD |
|
Midland RockHounds batting - Pitching for Erie SeaWolves : RHP Alex Garrett
|
|
Batting: RHB Manny Moron
|
0-0: Called Strike 0-1: Ball 1-1: Ball 2-1: Foul Ball, location: 2F 2-2: Ball 3-2: Base on Balls
|
|
Batting: RHB Gojko Golob
|
0-0: Ball 1-0: Called Strike 1-1: Swinging Strike 1-2: SINGLE (Flyball, 7S, EV 90.0 MPH) Manny Moron to second
|
|
Batting: RHB Moses Brokken
|
0-0: Swinging Strike 0-1: Swinging Strike 0-2: Foul Ball, location: 2F 0-2: Strikes out swinging
|
|
Batting: RHB Tony Crespo
|
0-0: Ball 1-0: Called Strike 1-1: Foul Ball, location: 2F 1-2: Ball 2-2: Ball Wild Pitch! Manny Moron to third Gojko Golob to second 3-2: SINGLE (Groundball, 5D, EV 98.1 MPH) Manny Moron scores Gojko Golob to third Runner from 3rd tries for Home, SAFE, throw by LF to home Tony Crespo to second
|
|
Batting: LHB Tom Raupp
|
0-0: Ball 1-0: Called Strike 1-1: Swinging Strike 1-2: Hit by Pitch
|
|
Batting: RHB Jonathan Gallup
|
0-0: Foul Ball, location: 2F 0-1: Ball 1-1: Ball 2-1: Grounds into double play, 6-4-3 (Groundball, 6, EV 102.5 MPH)
|
| Bottom of the 3rd over - 2 runs, 2 hits, 0 errors, 1 left on base; Erie 0 - Midland 2 |
| TOP OF THE 4TH |
|
Erie SeaWolves batting - Pitching for Midland RockHounds : LHP Bobby Carroll
|
|
Batting: RHB Tanner Purchase
|
0-0: Ball 1-0: Foul Ball, location: 2F 1-1: Ball 2-1: Ball 3-1: Swinging Strike 3-2: Foul Ball, location: 2F 3-2: Strikes out swinging
|
|
Batting: RHB Jose Evangelista
|
0-0: Ball 1-0: Ball 2-0: Ball 3-0: Base on Balls
|
|
Batting: LHB Nick Nino
|
0-0: Ball 1-0: Ball 2-0: Ball 3-0: Called Strike 3-1: SINGLE (Line Drive, 7S, EV 99.4 MPH) Jose Evangelista to second
|
|
Batting: RHB Mike Sebastian
|
0-0: Ball 1-0: Called Strike 1-1: Foul Ball, location: 2F 1-2: Ball 2-2: Strikes out swinging
|
|
Batting: RHB Eric Angelle
|
0-0: Foul Ball, location: 2F 0-1: Ball 1-1: Foul Ball, location: 2F 1-2: Foul Ball, location: 2F 1-2: Fielders Choice at 2nd, U4 (Groundball, 4M, EV 86.2 MPH)
|
| Top of the 4th over - 0 runs, 1 hit, 0 errors, 2 left on base; Erie 0 - Midland 2 |
| BOTTOM OF THE 4TH |
|
Midland RockHounds batting - Pitching for Erie SeaWolves : RHP Alex Garrett
|
|
Batting: LHB Alan Bianchard
|
0-0: Ball 1-0: Foul Ball, location: 2F 1-1: Called Strike 1-2: Ground out 4-3 (Groundball, 4D, EV 103.1 MPH)
|
|
Batting: RHB Roger Simmons
|
0-0: Swinging Strike 0-1: Ball 1-1: SINGLE (Groundball, 6MD, EV 110.6 MPH)
|
|
Batting: RHB David Sharp
|
0-0: Foul Ball, location: 2F 0-1: Called Strike 0-2: Foul Ball, location: 2F 0-2: Ball 1-2: Fly out, F9 (Flyball, 9S, EV 90.0 MPH)
|
|
Batting: RHB Manny Moron
|
0-0: Ball 1-0: Swinging Strike 1-1: Ball 2-1: Foul Ball, location: 2F 2-2: Strikes out swinging, 2-3 out at first.
|
| Bottom of the 4th over - 0 runs, 1 hit, 0 errors, 1 left on base; Erie 0 - Midland 2 |
| TOP OF THE 5TH |
|
Erie SeaWolves batting - Pitching for Midland RockHounds : LHP Bobby Carroll
|
|
Batting: RHB Tony Soto
|
0-0: Called Strike 0-1: Fly out, F8 (Flyball, 8RM, EV 89.4 MPH)
|
|
Batting: RHB John Evancho
|
0-0: Called Strike 0-1: Ball 1-1: Ground out 4-3 (Groundball, 34, EV 79.4 MPH)
|
|
Batting: RHB Adam MacConnell
|
0-0: Foul Ball, location: 2F 0-1: Ball 1-1: Foul Ball, location: 2F 1-2: Foul Ball, location: 2F 1-2: SINGLE (Groundball, 6MD, EV 104.4 MPH)
|
|
Batting: RHB Carlos Armenteros
|
0-0: Ball 1-0: Swinging Strike 1-1: Foul Ball, location: 2F 1-2: Strikes out looking
|
| Top of the 5th over - 0 runs, 1 hit, 0 errors, 1 left on base; Erie 0 - Midland 2 |
| BOTTOM OF THE 5TH |
|
Midland RockHounds batting - Pitching for Erie SeaWolves : RHP Alex Garrett
|
|
Batting: RHB Gojko Golob
|
0-0: Called Strike 0-1: Ground out 5-3 (Groundball, 56S, EV 91.2 MPH)
|
|
Batting: RHB Moses Brokken
|
0-0: Ball 1-0: Called Strike 1-1: Ball 2-1: Called Strike 2-2: Strikes out swinging
|
|
Batting: RHB Tony Crespo
|
0-0: Foul Ball, location: 2F 0-1: Ground out 6-3 (Groundball, 6, EV 108.1 MPH)
|
| Bottom of the 5th over - 0 runs, 0 hits, 0 errors, 0 left on base; Erie 0 - Midland 2 |
| TOP OF THE 6TH |
|
Erie SeaWolves batting - Pitching for Midland RockHounds : LHP Bobby Carroll
|
|
Batting: RHB Tanner Purchase
|
0-0: Ball 1-0: Foul Ball, location: 2F 1-1: Swinging Strike 1-2: Ball 2-2: Ball 3-2: Ground out 4-3 (Groundball, P, EV 86.9 MPH)
|
|
Pitching: LHP Kevin Barteaux
|
|
|
Batting: RHB Jose Evangelista
|
0-0: Foul Ball, location: 2F 0-1: Ground out 6-3 (Groundball, 6, EV 89.4 MPH)
|
|
Batting: LHB Nick Nino
|
0-0: Foul Ball, location: 2F 0-1: Ball 1-1: Swinging Strike 1-2: Strikes out swinging
|
| Top of the 6th over - 0 runs, 0 hits, 0 errors, 0 left on base; Erie 0 - Midland 2 |
| BOTTOM OF THE 6TH |
|
Midland RockHounds batting - Pitching for Erie SeaWolves : RHP Alex Garrett
|
|
Batting: LHB Tom Raupp
|
0-0: Ball 1-0: Ground out 4-3 (Groundball, 4, EV 90.6 MPH)
|
|
Batting: RHB Jonathan Gallup
|
0-0: Ball 1-0: Ball 2-0: Reaches on Catchers interference
|
|
Batting: LHB Alan Bianchard
|
0-0: Ball 1-0: Called Strike 1-1: Ball 2-1: Ball 3-1: DOUBLE (Line Drive, 7LM, EV 105.0 MPH) Jonathan Gallup to third
|
|
Batting: RHB Roger Simmons
|
0-0: Ground out 4-3 (Groundball, 4, EV 86.9 MPH) Jonathan Gallup scores Alan Bianchard to third
|
|
Batting: RHB David Sharp
|
0-0: Called Strike 0-1: Ball 1-1: Foul Ball, location: 2F 1-2: Strikes out looking
|
| Bottom of the 6th over - 1 run, 1 hit, 1 error, 1 left on base; Erie 0 - Midland 3 |
| TOP OF THE 7TH |
|
Erie SeaWolves batting - Pitching for Midland RockHounds : LHP Kevin Barteaux
|
|
Batting: RHB Mike Sebastian
|
0-0: Ball 1-0: Ball 2-0: Ground out 5-3 (Groundball, 56, EV 103.8 MPH)
|
|
Batting: RHB Eric Angelle
|
0-0: Called Strike 0-1: Swinging Strike 0-2: Foul Ball, location: 2F 0-2: Ball 1-2: Strikes out looking
|
|
Batting: RHB Tony Soto
|
0-0: Ground out 6-3 (Groundball, 6, EV 85.6 MPH)
|
| Top of the 7th over - 0 runs, 0 hits, 0 errors, 0 left on base; Erie 0 - Midland 3 |
| BOTTOM OF THE 7TH |
|
Midland RockHounds batting - Pitching for Erie SeaWolves : RHP Alex Garrett
|
|
Batting: RHB Manny Moron
|
0-0: Called Strike 0-1: Ball 1-1: Swinging Strike 1-2: Strikes out looking
|
|
Batting: RHB Gojko Golob
|
0-0: Called Strike 0-1: Foul Ball, location: 2F 0-2: Ball 1-2: Strikes out swinging
|
|
Batting: RHB Moses Brokken
|
0-0: Ball 1-0: Called Strike 1-1: Called Strike 1-2: Foul Ball, location: 2F 1-2: SOLO HOME RUN (Line Drive, 78XD, EV 102.5 MPH), Distance : 410 ft
|
|
Batting: RHB Tony Crespo
|
0-0: Called Strike 0-1: Called Strike 0-2: Strikes out swinging
|
| Bottom of the 7th over - 1 run, 1 hit, 0 errors, 0 left on base; Erie 0 - Midland 4 |
| TOP OF THE 8TH |
|
Erie SeaWolves batting - Pitching for Midland RockHounds : LHP Kevin Barteaux
|
|
Batting: RHB John Evancho
|
0-0: Fly out, F4 (Popup, 13S, EV 81.9 MPH)
|
|
Batting: RHB Adam MacConnell
|
0-0: Called Strike 0-1: Called Strike 0-2: Ball 1-2: Ball 2-2: Ball 3-2: Strikes out swinging
|
|
Batting: RHB Carlos Armenteros
|
0-0: Ball 1-0: Foul Ball, location: 2F 1-1: Ball 2-1: Ball 3-1: Fly out, F8 (Line Drive, 8RD, EV 88.8 MPH)
|
| Top of the 8th over - 0 runs, 0 hits, 0 errors, 0 left on base; Erie 0 - Midland 4 |
| BOTTOM OF THE 8TH |
|
Midland RockHounds batting - Pitching for Erie SeaWolves : RHP Alex Garrett
|
|
Batting: LHB Tom Raupp
|
0-0: Fly out, F7 (Flyball, 7D, EV 93.1 MPH)
|
|
Batting: RHB Jonathan Gallup
|
0-0: Ball 1-0: Swinging Strike 1-1: Called Strike 1-2: Foul Ball, location: 2F 1-2: Ball 2-2: Ball 3-2: Foul Ball, location: 2F 3-2: Reached on error, E6 (Groundball, 6, EV 79.4 MPH)
|
|
Pitching: RHP Juan Cornejo
|
|
|
Batting: LHB Alan Bianchard
|
0-0: Called Strike 0-1: Foul Ball, location: 2F 0-2: Ball 1-2: Ball 2-2: Strikes out looking
|
|
Batting: RHB Roger Simmons
|
0-0: Ball 1-0: Called Strike 1-1: Ball 2-1: SINGLE (Groundball, 6MD, EV 96.9 MPH) Jonathan Gallup to second Runner from 2nd tries for 3rd, SAFE, no throw by CF
|
|
Batting: RHB David Sharp
|
0-0: Called Strike 0-1: Hit by Pitch Roger Simmons to second
|
|
Batting: RHB Manny Moron
|
0-0: Ball 1-0: Called Strike 1-1: Ball 2-1: Called Strike 2-2: Ball 3-2: Foul Ball, location: 2F 3-2: SINGLE (Line Drive, 7S, EV 105.6 MPH) Jonathan Gallup scores Roger Simmons to third David Sharp to second Roger Simmons scores David Sharp to third
|
|
Batting: RHB Gojko Golob
|
0-0: Foul Ball, location: 2F 0-1: Called Strike 0-2: Ball 1-2: Ball 2-2: SINGLE (Groundball, 56D, EV 109.4 MPH) David Sharp scores Manny Moron to second Runner from 2nd tries for 3rd, SAFE, throw by LF made to third
|
|
Pitching: RHP Denzel McPherson
|
|
|
Batting: RHB Moses Brokken
|
0-0: Ball 1-0: Ball 2-0: Fly out, F8 (Flyball, 89M, EV 90.6 MPH)
|
| Bottom of the 8th over - 3 runs, 3 hits, 1 error, 2 left on base; Erie 0 - Midland 7 |
| TOP OF THE 9TH |
|
Erie SeaWolves batting - Pitching for Midland RockHounds : LHP Kevin Barteaux
|
|
Batting: RHB Tanner Purchase
|
0-0: Ball 1-0: Ball 2-0: Called Strike 2-1: Called Strike 2-2: Foul Ball, location: 2F 2-2: Strikes out swinging
|
|
Batting: RHB Jose Evangelista
|
0-0: Ground out 5-3 (Groundball, 56S, EV 73.8 MPH)
|
|
Pinch Hitting: SHB Sean Foley
|
0-0: Ball 1-0: Ball 2-0: Called Strike 2-1: Foul Ball, location: 2F 2-2: Ball 3-2: Strikes out swinging
|
| Top of the 9th over - 0 runs, 0 hits, 0 errors, 0 left on base; Erie 0 - Midland 7 |
|